 Dungeon Crawl Stone Soup version 0.31-a0-210-gccc998df9b (webtiles) character file.

Game seed: 140272241959077230

2 Dittersdorf the Covered (level 1, 0/14 HPs)
             Began as a Gargoyle Fighter on June 29, 2023.
             Slain by a jackal (3 damage)
             ... on level 1 of the Dungeon.
             The game lasted 00:00:07 (45 turns).

Dittersdorf the Covered (Gargoyle Fighter)            Turns: 45, Time: 00:00:08

Health: 0/14       AC:  9    Str: 19    XL:     1   Next: 40%
Magic:  1/1        EV:  9    Int:  8    God:
Gold:   0          SH:  4    Dex:  9    Spells: 0/0 levels left

rFire   . . .        a - +0 flail
rCold   . . .        c - +0 buckler
rNeg    + . .        b - +0 scale mail
rPois   ∞            (no helmet)
rElec   +            (no cloak)
rCorr   .            (no gloves)
SInv    .            (no boots)
Will    .....        (no amulet) Stlth
                     (no ring)
HPRegen 0.22/turn    (no ring)
MPRegen 0.07/turn

%: no passive effects
@: no status effects
A: sickness immunity, AC +2, negative energy resistance 1, electricity
resistance, torment resistance 1, petrification resistance
a: no special abilities


You were on level 1 of the Dungeon.
You visited 1 branch of the dungeon, and saw 1 of its levels.

Inventory:

Hand Weapons
 a - a +0 flail (weapon)
Armour
 b - a +0 scale mail (worn)
 c - a +0 buckler (worn)
Potions
 d - a potion of might


   Skills:
 + Level 3.3 Fighting
 + Level 2.0 Maces & Flails
 + Level 3.3 Armour
 + Level 3.3 Shields


You couldn't memorise any spells.
You didn't know any spells.
Your spell library was empty.

Dungeon Overview and Level Annotations

Branches:
Dungeon (1/15)

Altars:


Innate Abilities, Weirdness & Mutations

You are immune to sickness and miasma.
Your stone body is resilient. (AC +2)
You are immune to poison.
You resist negative energy. (rN+)
You are resistant to electric shocks. (rElec)
You are resistant to unholy torment.
You are immune to petrification.


Message History

You are too injured to fight recklessly!
You are too injured to fight recklessly!
You are too injured to fight recklessly!
You are too injured to fight recklessly!
You are too injured to fight recklessly!
You are too injured to fight recklessly!
You are too injured to fight recklessly!
You are too injured to fight recklessly!
You are too injured to fight recklessly!
You are too injured to fight recklessly!
You are too injured to fight recklessly!
The jackal barely misses you.
The jackal bites you but does no damage. x2
There is a large open door here.
You block the jackal's attack. The jackal attacks as you move away!
The jackal bites you but does no damage.
The jackal bites you. The jackal barely misses you.
The jackal closely misses you. The jackal closely misses you.
You hit the jackal.
The jackal is almost dead.
The jackal bites you.
You thump the jackal!
You kill the jackal!
The jackal bites you but does no damage.
The jackal splashes around in the water.
The jackal bites you but does no damage.
The jackal barely misses you.
You closely miss the goblin.
The jackal bites you but does no damage.
You block the jackal's attack. The goblin hits you but does no damage.
The jackal bites you.
* * * LOW HITPOINT WARNING * * *
The jackal barely misses you.
You sock the goblin!
You kill the goblin!
The jackal splashes around in the water.
You block the jackal's attack. The jackal bites you.
You die...

#.##.#..#..#.##.#
.................
~~~~~~..~~~~~~~~
.8..8....8..8..~
######''######.~
#~~~~~..~~~~~#
#~g.h.......~#
#~.########.~#
#~.)@.......~#
#~~hh~..~~~~~#
######''######
#............#
#≈§≈≈≈..≈≈≈≈≈#
#≈≈≈≈≈..≈≈≈§≈#
#............#
######''######
#.....<......#


You could see 2 jackals.

Vanquished Creatures
  A goblin (D:1)
  2 jackals (D:1)
3 creatures vanquished.

Notes
Turn   | Place    | Note
-------+----------+-------------------------------------------
     0 | D:1      | Dittersdorf the Gargoyle Fighter began the quest for the
                  | Orb.
     0 | D:1      | Reached XP level 1. HP: 14/14 MP: 1/1
    45 | D:1      | Slain by a jackal

Illustrated notes

Levels and vault maps discovered:
D:1:      lightli_arrival_isolated_outpost, layout_basic,
          chequers_ecumenical_altar_island, minivault_26

Action                     || total
---------------------------++-------
  Melee: Flail             ||    15
 Armour: Scale mail        ||    20
  Dodge: Dodged            ||    22
  Block: Buckler           ||     8

Table legend: (Time is in decaauts)
 A = Elapsed time spent in this place.
 B = Non-inter-level travel time spent in this place.
 C = Inter-level travel time spent in this place.
 D = Time resting spent in this place.
 E = Time spent auto-exploring this place.
 F = Levels seen in this place.
 G = Mean time per level.
                   A        B        C        D        E       F      G
               +--------+--------+--------+--------+--------+-----+--------+
         Total |     49 |     49 |      0 |      0 |     18 |   1 |   49.0 |
       Dungeon |     49 |     49 |      0 |      0 |     18 |   1 |   49.0 |
               +--------+--------+--------+--------+--------+-----+--------+

Top non-repeatable levels by time:
     D:1: 49 daAuts
